 Dungeon Crawl Stone Soup version 0.23-b1-6-ga921848b48 (webtiles) character file.

Game seed: 4091991857849877761

48948 LostNumber the Thaumaturge (level 14, -18/110 HPs)
             Began as a Gnoll Warper on Feb 1, 2019.
             Was a High Priest of Ashenzari.
             Killed from afar by Frances (69 damage)
             ... with an iron shot
             ... on level 12 of the Dungeon.
             The game lasted 00:44:50 (20731 turns).

LostNumber the Thaumaturge (Gnoll Warper)          Turns: 20731, Time: 00:44:51

Health: -18/110    AC: 23    Str: 21    XL:     14   Next: 48%
Magic:  27/28      EV:  8    Int: 16    God:    Ashenzari [*****.]
Gold:   961        SH:  0    Dex: 16    Spells: 14/33 levels left

rFire    + + .     SeeInvis +   C - +4 spear (freeze) (curse)
rCold    + . .     Gourm    .   (no shield)
rNeg     + . .     Faith    .   b - +5 gold dragon scales (curse)
rPois    +         Spirit   .   (no helmet)
rElec    .         Reflect  .   z - +0 cloak {MR+} (curse)
rCorr    .         Harm     .   (no gloves)
MR       ++...     Clarity  +   (no boots)
Stlth    ..........             u - amulet of regeneration (curse)
HPRegen  0.68/turn              c - ring of Uted {rF+ rN+ Str+4} (curse)
MPRegen  0.21/turn              U - +3 ring of slaying (curse)

@: no status effects
A: distributed training, fangs 1, strong nose
a: Curse Item, Scrying, Renounce Religion


You were on level 12 of the Dungeon.
You worshipped Ashenzari.
Ashenzari was extremely pleased with you.
You were hungry.

You visited 2 branches of the dungeon, and saw 18 of its levels.
You also visited: Gauntlet.

You collected 961 gold pieces.

Inventory:

Hand Weapons
 p - a +4 war axe of draining
 B - the +6 hand axe of the Inquisitive Seas {speed, rPois}
   (You found it on level 4 of the Lair of Beasts)

   Attacks with this weapon are significantly faster.
   It protects you from poison.
 C - a cursed +4 spear of freezing (weapon)
 Q - a +0 broad axe
 W - a +2 rapier of electrocution
Missiles
 e - 5 tomahawks of dispersal (quivered)
 G - 4 tomahawks
Armour
 b - cursed +5 gold dragon scales (worn)
 x - a +0 shield
 z - a cursed +0 cloak of magic resistance (worn)
 T - a +0 troll leather armour
Jewellery
 a - the ring "Zaocwos" {+Fly MR++ Str+2 Int-5 Dex+3}
   (You found it on level 8 of the Dungeon)

   [ring of flight]

   It affects your strength (+2).
   It affects your intelligence (-5).
   It affects your dexterity (+3).
   It affects your resistance to hostile enchantments.
   It lets you fly.
 c - the cursed ring of Uted (left hand) {rF+ rN+ Str+4}
   (You found it on level 4 of the Dungeon)

   [ring of positive energy]

   It affects your strength (+4).
   It protects you from fire.
   It protects you from negative energy.
   It has a curse placed upon it.
 h - a +3 ring of evasion
 j - an uncursed ring of poison resistance
 u - a cursed amulet of regeneration (around neck)
 O - an uncursed ring of stealth
 U - a cursed +3 ring of slaying (right hand)
Wands
 o - a wand of random effects (14)
 w - a wand of iceblast (6)
 L - a wand of scattershot (9)
 M - a wand of acid (11)
 N - a wand of disintegration (25)
 R - a wand of flame (33)
 X - a wand of paralysis (9)
Scrolls
 d - a scroll of blinking
 g - 4 scrolls of teleportation
 i - 5 scrolls of magic mapping
 k - 2 scrolls of enchant weapon
 l - 7 scrolls of amnesia
 n - 4 scrolls of remove curse
 q - 2 scrolls of immolation
 F - a scroll of vulnerability
 Y - a scroll of fog
Potions
 m - 3 potions of lignification
 r - 5 potions of haste
 s - a potion of cancellation
 v - 3 potions of resistance
 D - 6 potions of flight
 E - 2 potions of might
 H - 2 potions of heal wounds
 I - a potion of invisibility {unknown}
 J - a potion of magic {unknown}
 K - 4 potions of brilliance
 P - 5 potions of curing
 S - 3 potions of ambrosia {unknown}
Miscellaneous
 A - a phial of floods
Comestibles
 f - 27 rations
 t - 3 chunks of flesh


   Skills:
 + Level 10.2 Fighting
 + Level 9.1 Short Blades
 + Level 9.1 Long Blades
 + Level 10.2 Axes
 + Level 9.1 Maces & Flails
 + Level 9.1(13.0) Polearms
 + Level 9.1 Staves
 + Level 9.1 Slings
 + Level 9.1 Bows
 + Level 9.1 Crossbows
 + Level 9.5 Throwing
 + Level 9.5 Armour
 + Level 10.2 Dodging
 + Level 9.1 Stealth
 + Level 9.1 Shields
 + Level 9.1 Unarmed Combat
 + Level 10.3 Spellcasting
 + Level 7.6(11.6) Conjurations
 + Level 7.6(11.6) Hexes
 + Level 7.6(11.6) Charms
 + Level 7.6(11.6) Summonings
 + Level 7.6(11.6) Necromancy
 + Level 9.4(13.2) Translocations
 + Level 7.6(11.6) Transmutations
 + Level 7.6(11.6) Fire Magic
 + Level 7.6(11.6) Ice Magic
 + Level 7.6(11.6) Air Magic
 + Level 7.6(11.6) Earth Magic
 + Level 7.6(11.6) Poison Magic
 + Level 9.9 Invocations
 + Level 9.1(13.0) Evocations


You had 14 spell levels left.
You knew the following spells:

 Your Spells              Type           Power        Failure   Level  Hunger
a - Blink                 Tloc           N/A          5%          2    None
b - Shroud of Golubria    Chrm/Tloc      #####.....   8%          2    None
c - Teleport Other        Tloc           ######..     11%         3    None
d - Lesser Beckoning      Tloc           ######....   11%         3    None
e - Passage of Golubria   Tloc           N/A          34%         4    ###....
f - Confusing Touch       Hex            #####.       7%          1    None
g - Olgreb's Toxic Radia  Pois           #####...     56%         4    ###....

Your spell library contained the following spells:

 Spells                   Type           Power        Failure   Level  Hunger
 Sting                    Conj/Pois      ####         7%          1    None
 Poisonous Vapours        Pois/Air       #####.       11%         2    None
 Gell's Gravitas          Tloc           ######....   11%         3    None
 Confuse                  Hex            #####...     21%         3    None
 Mephitic Cloud           Conj/Pois/Air  #####...     21%         3    None
 Cause Fear               Hex            #####.....   56%         4    ###....
 Petrify                  Tmut/Erth      #####...     56%         4    ###....
 Metabolic Englaciation   Hex/Ice        #####.....   88%         5    #####..
 Silence                  Hex/Air        #####.....   88%         5    #####..
 Venom Bolt               Conj/Pois      #####.....   88%         5    #####..
 Yara's Violent Unravell  Hex/Tmut       #####.....   88%         5    #####..
 Deflect Missiles         Chrm/Air       #####.....   100%        6    ######.
 Discord                  Hex            #####.....   100%        8    #######


Dungeon Overview and Level Annotations

Branches:
Dungeon (12/15)            Temple (0/1) D:5            Lair (6/6) D:9
 Shoals (0/4) Lair:2       Spider (0/4) Lair:4        Slime (0/5) Lair:6
    Orc (0/2) D:11

Altars:
Ashenzari
Cheibriados
Dithmenos
Qazlal
Ru
Trog
Uskayaw
Vehumet
Wu Jian
Xom
Zin
Jiyva

Annotations:
D:12 Frances
Lair:1 1 runed translucent door, Ihlosi's ghost, journeyman KoFi
Lair:5 1 runed translucent door, megalastik's ghost, adept FoFi


Innate Abilities, Weirdness & Mutations

Your experience applies equally to all skills.
You have very sharp teeth.
Your uncanny sense of smell can sniff out nearby items.


Message History

You hit Frances. You freeze Frances.
Frances is severely wounded.
No target in view!
No target in view!
Frances closely misses you.
You strike the helpless Frances from behind!
You hit Frances. You freeze Frances.
Frances is severely wounded.
Frances hits you with a +4 hand axe of flaming!
You are too injured to fight recklessly!
You are too injured to fight recklessly!
You are too injured to fight recklessly!
You hit Frances but do no damage.
Frances is severely wounded.
You are feeling hungry.
Frances seems less confused.
Frances whispers indecipherable words.
The iron shot hits you!!!
Ouch! That really hurt!
You die...

* ,, * * *, .... , ,
, #..#*, ** ** #..# *
* *,* #..# * * ##+##
#.##*, . ##...## #รท#
# .##.....## #.###.#
.#.......## ##.....#
..........####..@####
..........+......@#
..<.).....###....##
##.......## #.#.##
##.....## #.###
##...## #.# ##'## #.#
#.# #.#
#####(#######.#


You could see Frances.

Vanquished Creatures
  Josephine (Lair:6)
  6 hydras
  A catoblepas (Lair:2)
  3 two-headed ogres
  A necromancer (Gauntlet)
  A lindwurm (Lair:5)
  A cyclops (D:11)
  A merfolk siren (Lair:2)
  3 elephants (Lair:5)
  6 black mambas
  11 spiny frogs
  A gargoyle (D:12)
  A torpor snail (Lair:4)
  2 rime drakes
  6 komodo dragons
  2 trolls
  A polar bear (Lair:4)
  12 dream sheep
  25 blink frogs
  14 hippogriffs
  9 flying skulls (Gauntlet)
  3 wraiths (Lair:6)
  A shadow (D:11)
  5 wyverns
  47 yaks
  A hungry ghost (D:9)
  A hell hound (Lair:6)
  2 swamp worms (Gauntlet)
  10 water moccasins
  5 porcupines
  2 sky beasts
  4 orc warriors
  A black bear (D:8)
  6 phantoms
  5 ogres
  16 wolves
  7 centaurs
  19 crocodiles
  A big kobold (D:8)
  10 bullfrogs
  A gnoll sergeant (D:8)
  8 scorpions
  14 killer bees
  14 wights
  An electric eel (Lair:6)
  3 howler monkeys
  2 crimson imps
  A jelly (D:5)
  7 hounds
  2 orc priests
  4 centaur skeletons
  2 bullfrog skeletons
  A gnoll shaman (D:6)
  3 iguanas
  Ijyb (D:3)
  3 orc wizards
  A hell rat (Lair:1)
  8 worker ants
  A statue (D:7)
  2 hound skeletons
  A worker ant zombie (D:5)
  14 gnolls
  A howler monkey skeleton (D:4)
  12 adders
  4 river rats (Lair:1)
  A shadow imp (D:5)
  An ooze (D:2)
  2 worms (D:5)
  A dart slug (D:2)
  3 leopard geckos
  28 orcs
  2 ball pythons
  10 giant cockroaches
  9 goblins (D:3)
  6 hobgoblins
  2 jackals (D:7)
  3 quokkas
  A ball python skeleton (D:5)
  4 bats
  5 frilled lizards
  4 kobolds
  2 leopard gecko skeletons (D:4)
  13 rats
  3 fungi (Lair:6)
465 creatures vanquished.

Vanquished Creatures (collateral kills)
  A minotaur (Gauntlet)
  A minotaur zombie (Gauntlet)
2 creatures vanquished.

Vanquished Creatures (others)
  6 fungi
  8 plants
  A withered plant (Gauntlet)
15 creatures vanquished.

Grand Total: 482 creatures vanquished

Notes
Turn   | Place    | Note
-------+----------+-------------------------------------------
     0 | D:1      | LostNumber the Gnoll Warper began the quest for the Orb.
     0 | D:1      | Reached XP level 1. HP: 20/20 MP: 6/6
   723 | D:2      | Reached XP level 2. HP: 26/26 MP: 7/7
   727 | D:2      | Learned a level 2 spell: Blink
   730 | D:2      | Learned a level 2 spell: Shroud of Golubria
   858 | D:2      | HP: 1/26 [poisoned by an adder]
  1192 | D:2      | Found a snail-covered altar of Cheibriados.
  1201 | D:2      | Reached XP level 3. HP: 28/31 MP: 9/9
  1210 | D:2      | Learned a level 3 spell: Teleport Other
  1223 | D:2      | Reached skill level 5 in Spellcasting
  1382 | D:2      | Reached skill level 1 in Invocations
  1465 | D:2      | Learned a level 3 spell: Lesser Beckoning
  1645 | D:2      | Found a bloodstained altar of Trog.
  1888 | D:3      | Found a shattered altar of Ashenzari.
  1893 | D:3      | Became a worshipper of Ashenzari the Shackled
  1908 | D:3      | Reached skill level 1 in Short Blades
  1908 | D:3      | Reached skill level 1 in Long Blades
  1908 | D:3      | Reached skill level 1 in Maces & Flails
  1908 | D:3      | Reached skill level 1 in Polearms
  1908 | D:3      | Reached skill level 1 in Staves
  1908 | D:3      | Reached skill level 1 in Slings
  1908 | D:3      | Reached skill level 1 in Bows
  1908 | D:3      | Reached skill level 1 in Crossbows
  1908 | D:3      | Reached skill level 1 in Stealth
  1908 | D:3      | Reached skill level 1 in Shields
  1908 | D:3      | Reached skill level 1 in Unarmed Combat
  1908 | D:3      | Reached skill level 1 in Evocations
  1947 | D:3      | Reached XP level 4. HP: 34/38 MP: 7/11
  2148 | D:3      | Reached skill level 1 in Conjurations
  2148 | D:3      | Reached skill level 1 in Hexes
  2148 | D:3      | Reached skill level 1 in Charms
  2148 | D:3      | Reached skill level 1 in Summonings
  2148 | D:3      | Reached skill level 1 in Necromancy
  2148 | D:3      | Reached skill level 1 in Transmutations
  2148 | D:3      | Reached skill level 1 in Fire Magic
  2148 | D:3      | Reached skill level 1 in Ice Magic
  2148 | D:3      | Reached skill level 1 in Air Magic
  2148 | D:3      | Reached skill level 1 in Earth Magic
  2148 | D:3      | Reached skill level 1 in Poison Magic
  2310 | D:3      | Noticed Ijyb
  2410 | D:3      | Killed Ijyb
  2410 | D:3      | Reached XP level 5. HP: 41/43 MP: 10/12
  3198 | D:3      | Learned a level 4 spell: Passage of Golubria
  3363 | D:4      | Found an ornate altar of the Wu Jian Council.
  3516 | D:4      | Noticed a phantom
  3565 | D:4      | Killed a phantom
  3565 | D:4      | Reached XP level 6. HP: 35/50 MP: 10/13
  3695 | D:4      | Reached skill level 5 in Fighting
  3695 | D:4      | Reached skill level 5 in Axes
  3695 | D:4      | Reached skill level 5 in Dodging
  3698 | D:4      | Got the uncursed plate armour of the Final Dances {rC+
                  | Dex-2 Stlth+}
  3981 | D:4      | Noticed a phantom
  3989 | D:4      | Identified the ring of Uted {rF+ rN+ Str+4}
  4279 | D:4      | Killed a phantom
  4279 | D:4      | Reached XP level 7. HP: 23/56 MP: 15/15
  4899 | D:5      | Entered Level 5 of the Dungeon
  5123 | D:5      | Found a stormy altar of Qazlal.
  5247 | D:5      | Found a shimmering altar of Xom.
  5255 | D:5      | Found a staircase to the Ecumenical Temple.
  5275 | D:5      | Reached XP level 8. HP: 60/63 MP: 14/16
  6497 | D:6      | Found a radiant altar of Vehumet.
  6783 | D:6      | Reached XP level 9. HP: 48/69 MP: 18/18
  7808 | D:6      | Reached * piety under Ashenzari
  7943 | D:7      | Reached skill level 5 in Throwing
  7943 | D:7      | Reached skill level 5 in Armour
  8263 | D:7      | Found a shadowy altar of Dithmenos.
  8831 | D:7      | Reached skill level 5 in Invocations
  8956 | D:7      | Found a radiant altar of Vehumet.
  9242 | D:8      | Reached XP level 10. HP: 65/77 MP: 20/20
  9336 | D:8      | Noticed a two-headed ogre
  9683 | D:8      | Killed a two-headed ogre
  9683 | D:8      | Reached skill level 5 in Short Blades
  9683 | D:8      | Reached skill level 5 in Long Blades
  9683 | D:8      | Reached skill level 5 in Maces & Flails
  9683 | D:8      | Reached skill level 5 in Polearms
  9683 | D:8      | Reached skill level 5 in Staves
  9683 | D:8      | Reached skill level 5 in Slings
  9683 | D:8      | Reached skill level 5 in Bows
  9683 | D:8      | Reached skill level 5 in Crossbows
  9683 | D:8      | Reached skill level 5 in Stealth
  9683 | D:8      | Reached skill level 5 in Shields
  9683 | D:8      | Reached skill level 5 in Unarmed Combat
  9683 | D:8      | Reached skill level 5 in Evocations
  9793 | D:8      | Noticed a two-headed ogre
 10008 | D:8      | Found a sacrificial altar of Ru.
 10009 | D:8      | Found an ornate altar of the Wu Jian Council.
 10010 | D:8      | Found a shimmering altar of Xom.
 10010 | D:8      | Found a shadowy altar of Dithmenos.
 10080 | D:8      | Identified the ring "Zaocwos" {+Fly MR++ Str+2 Int-5 Dex+3}
 10110 | D:8      | Found a hide-covered altar of Uskayaw.
 10194 | D:8      | Killed a two-headed ogre
 10698 | D:9      | Found a staircase to the Lair.
 10761 | D:9      | Found a glowing silver altar of Zin.
 10771 | D:9      | Reached ** piety under Ashenzari
 10910 | D:9      | Reached XP level 11. HP: 84/84 MP: 22/22
 11191 | D:10     | Entered Level 10 of the Dungeon
 11666 | Lair:1   | Entered Level 1 of the Lair of Beasts
 11690 | Lair:1   | Reached skill level 5 in Conjurations
 11690 | Lair:1   | Reached skill level 5 in Hexes
 11690 | Lair:1   | Reached skill level 5 in Charms
 11690 | Lair:1   | Reached skill level 5 in Summonings
 11690 | Lair:1   | Reached skill level 5 in Necromancy
 11690 | Lair:1   | Reached skill level 5 in Transmutations
 11690 | Lair:1   | Reached skill level 5 in Fire Magic
 11690 | Lair:1   | Reached skill level 5 in Ice Magic
 11690 | Lair:1   | Reached skill level 5 in Air Magic
 11690 | Lair:1   | Reached skill level 5 in Earth Magic
 11690 | Lair:1   | Reached skill level 5 in Poison Magic
 12252 | Lair:1   | Found a runed translucent door.
 12253 | Lair:1   | Noticed Ihlosi's ghost (journeyman KoFi)
 12256 | Lair:1   | Identified the +10 trident "Wam Wusogurr" {drain, rN+}
 12256 | Lair:1   | Noticed a spriggan rider
 12300 | Lair:1   | Reached *** piety under Ashenzari
 13018 | Lair:2   | Noticed an eight-headed hydra
 13022 | Lair:2   | HP: 4/86 [wolf (4)]
 13025 | Lair:2   | Noticed a catoblepas
 13029 | Lair:2   | Noticed a seven-headed hydra
 13147 | Lair:2   | Reached XP level 12. HP: 61/93 MP: 19/24
 13356 | Lair:2   | Killed an eight-headed hydra
 13654 | Lair:2   | Found a staircase to the Shoals.
 13766 | Lair:2   | Killed a catoblepas
 14273 | Lair:3   | Found a gate leading to a gauntlet.
 14279 | Gauntlet | Entered a Gauntlet
 14279 | Gauntlet | Found a transporter.
 14279 | Gauntlet | Found a transporter.
 14281 | Gauntlet | Found a transporter.
 14284 | Gauntlet | Found a transporter.
 14285 | Gauntlet | Found a transporter.
 14285 | Gauntlet | Found a transporter.
 14313 | Gauntlet | Found a runed translucent door.
 14315 | Gauntlet | Found a runed translucent door.
 14317 | Gauntlet | Found a transporter.
 14321 | Gauntlet | Found a transporter.
 14329 | Gauntlet | Noticed an entropy weaver
 14334 | Gauntlet | Found a transporter.
 14345 | Gauntlet | Found a transporter.
 14359 | Gauntlet | Found a transporter.
 14363 | Gauntlet | Found a transporter.
 14419 | Gauntlet | Reached **** piety under Ashenzari
 14933 | Gauntlet | Noticed a minotaur
 14939 | Gauntlet | Killed a minotaur
 14953 | Gauntlet | Got the uncursed leather armour of the Arcane {MP+9 Int+3}
 15049 | Lair:3   | Learned a level 1 spell: Confusing Touch
 15211 | Lair:3   | Reached XP level 13. HP: 98/101 MP: 24/26
 15861 | Lair:4   | Found a hole to the Spider Nest.
 15874 | Lair:4   | Identified the +6 hand axe of the Inquisitive Seas {speed,
                  | rPois}
 15998 | Lair:4   | Noticed Nessos
 16007 | Lair:4   | Noticed Nessos
 16007 | Lair:4   | Nessos changed into Nessos the two-headed ogre
 16015 | Lair:4   | Killed Nessos the two-headed ogre
 17474 | Lair:5   | Identified the cursed +1 quarterstaff "Jasch" {venom,
                  | +Blink rElec SInv}
 17506 | Lair:5   | Found a runed translucent door.
 17507 | Lair:5   | Noticed megalastik's ghost (adept FoFi)
 17745 | Lair:5   | Learned a level 4 spell: Olgreb's Toxic Radiance
 18295 | Lair:6   | Entered Level 6 of the Lair of Beasts
 18436 | Lair:6   | Reached skill level 10 in Spellcasting
 18471 | Lair:6   | Reached XP level 14. HP: 86/109 MP: 28/28
 18768 | Lair:6   | Noticed Josephine
 18895 | Lair:6   | Killed Josephine
 19140 | Lair:6   | Reached ***** piety under Ashenzari
 19147 | Lair:6   | Reached skill level 10 in Fighting
 19147 | Lair:6   | Reached skill level 10 in Axes
 19147 | Lair:6   | Reached skill level 10 in Dodging
 19383 | Lair:6   | Found a staircase to the Slime Pits.
 19384 | Lair:6   | Found a viscous altar of Jiyva.
 20010 | D:9      | Identified the +3 leather armour of the Arcane {MP+9 Int+3}
                  | (You found it in a Gauntlet)
 20393 | D:11     | Found a staircase to the Orcish Mines.
 20698 | D:12     | Noticed Frances
 20731 | D:12     | Killed from afar by Frances

Skill      XL: |  1  2  3  4  5  6  7  8  9 10 11 12 13 14 |
---------------+-------------------------------------------+-----
Spellcasting   | 5 6 7 8 9 10 | 10.3
Invocations    | 1 2 3 4 5 6 7 8 9 |  9.9
Short Blades   | 1 2 3 4 5 6 7 8 9 |  9.1
Long Blades    | 1 2 3 4 5 6 7 8 9 |  9.1
Maces & Flails | 1 2 3 4 5 6 7 8 9 |  9.1
Polearms       | 1 2 3 4 5 6 7 8 9 |  9.1
Staves         | 1 2 3 4 5 6 7 8 9 |  9.1
Slings         | 1 2 3 4 5 6 7 8 9 |  9.1
Bows           | 1 2 3 4 5 6 7 8 9 |  9.1
Crossbows      | 1 2 3 4 5 6 7 8 9 |  9.1
Stealth        | 1 2 3 4 5 6 7 8 9 |  9.1
Shields        | 1 2 3 4 5 6 7 8 9 |  9.1
Unarmed Combat | 1 2 3 4 5 6 7 8 9 |  9.1
Evocations     | 1 2 3 4 5 6 7 8 9 |  9.1
Conjurations   | 1 2 3 4 5 6 7 |  7.6
Hexes          | 1 2 3 4 5 6 7 |  7.6
Charms         | 1 2 3 4 5 6 7 |  7.6
Summonings     | 1 2 3 4 5 6 7 |  7.6
Necromancy     | 1 2 3 4 5 6 7 |  7.6
Transmutations | 1 2 3 4 5 6 7 |  7.6
Fire Magic     | 1 2 3 4 5 6 7 |  7.6
Ice Magic      | 1 2 3 4 5 6 7 |  7.6
Air Magic      | 1 2 3 4 5 6 7 |  7.6
Earth Magic    | 1 2 3 4 5 6 7 |  7.6
Poison Magic   | 1 2 3 4 5 6 7 |  7.6
Throwing       | 3 4 5 6 7 8 9 |  9.5
Armour         | 3 4 5 6 7 8 9 |  9.5
Fighting       | 5 6 7 8 9 10 | 10.2
Axes           | 5 6 7 8 9 10 | 10.2
Dodging        | 5 6 7 8 9 10 | 10.2
Translocations | 6 7 8 9 |  9.4

Action                   |  1- 3 |  4- 6 |  7- 9 | 10-12 | 13-15 || total
-------------------------+-------+-------+-------+-------+-------++-------
Melee: Hand axe          |    34 |       |       |       |       ||    34
       Bite              |    16 |    34 |    68 |   102 |   157 ||   377
       Dagger            |   157 |   222 |       |       |       ||   379
       Flail             |       |    89 |   169 |       |       ||   258
       Punch             |       |       |     8 |    21 |    34 ||    63
       Spear             |       |       |   368 |   838 |   914 ||  2120
 Cast: Shroud of Golubri |     3 |    18 |    27 |    55 |    51 ||   154
       Blink             |     1 |       |     5 |       |       ||     6
       Passage of Golubr |       |       |       |     3 |       ||     3
       Olgreb's Toxic Ra |       |       |       |       |     5 ||     5
       Confusing Touch   |       |       |       |       |     2 ||     2
Invok: Curse Item        |       |       |     1 |       |     4 ||     5
Evoke: Wand              |       |       |     3 |     3 |     8 ||    14
       Phial of floods   |       |       |       |     1 |       ||     1
  Use: Potion            |       |     4 |       |     4 |       ||     8
       Scroll            |       |       |    12 |     5 |    10 ||    27
 Stab: Sleeping          |       |     1 |       |    21 |    12 ||    34
       Distracted        |       |       |     1 |       |     1 ||     2
       Petrified         |       |       |       |     5 |       ||     5
       Confused          |       |       |       |       |     1 ||     1
  Eat: Chunk             |     3 |     6 |    12 |    21 |    18 ||    60
       Ration            |       |     1 |     1 |       |       ||     2
Armor: Leather armour    |    21 |       |       |       |       ||    21
       Ring mail         |     6 |    70 |   130 |     3 |       ||   209
       Skin              |       |       |     1 |       |       ||     1
       Troll leather arm |       |       |       |    90 |    51 ||   141
       Gold dragon scale |       |       |       |       |    34 ||    34
Dodge: Dodged            |   102 |   141 |   435 |   505 |   351 ||  1534
